AoeStats
← Fighter

Pilgrims

509671475Analyzed
4v4 RM · 4d ago on Sep 27, 2026· 56m 30s· 8 players
Game mode
Random Map
Map size
Large (8 player)
Population
200
Speed
Normal
Resources
Standard
Victory
Conquest
Starting age
Dark Age
Ending age
Imperial Age
RankedLock teamsTeams togetherTeam positionsShared explorationLock speedFull tech treeHidden civsTurbo modeCheats
Victory
Defeat
🇵🇪 Spanish · Peru
1019
+14
🇺🇸 Koreans · United States
1011
+20
🇧🇷 Persians · Brazil
1002
+15
🇧🇴 Goths · Bolivia
999
+15
🇬🇧 Spanish · United Kingdom
1020
-16
🇩🇪 Jurchens · Germany
1012
-15
🇨🇦 Italians · Canada
960
-14
🇨🇳 Huns · China
950
-14
Minos
3:44 Loom
14:33 Feudal Age
16:12 Wheelbarrow
18:32 Castle Age
18:43 Double-Bit Axe
20:48 Hand Cart
22:37 Pikeman
23:19 Squires
23:24 Stone Mining
23:48 Bow Saw
25:24 Gold Mining
26:03 Scale Mail Armor
26:18 Fletching
27:30 Bodkin Arrow
27:54 Horse Collar
31:11 Heavy Plow
31:11 Fishing Lines
34:18 Gillnets
35:52 Chain Mail Armor
35:47 Forging
40:06 Imperial Age
39:21 Iron Casting
40:24 Anarchy
41:38 Crop Rotation
41:15 Halberdier
43:33 Elite Huskarl
44:13 Perfusion
44:34 Conscription
45:51 Two-Man Saw
46:24 Town Watch
48:05 Blast Furnace
48:09 Chemistry
47:19 Town Patrol
51:24 Ballistics
50:59 Murder Holes
Fuzzytongue
3:09 Loom
13:50 Feudal Age
18:25 Castle Age
18:04 Double-Bit Axe
18:12 Gold Mining
23:42 Bow Saw
23:44 Pikeman
27:32 Wheelbarrow
41:12 Imperial Age
44:45 Ballistics
47:56 Hand Cart
47:59 Halberdier
48:40 Squires
53:54 Shinkichon
54:41 Chemistry
54:59 Fletching
55:22 Forging
55:12 Scale Mail Armor
LORD PETER
11:39 Loom
15:26 Feudal Age
20:07 Castle Age
45:53 Fishing Lines
47:29 Gillnets
51:29 Double-Bit Axe
52:23 Town Watch
53:31 Wheelbarrow
53:12 Bow Saw
53:40 Horse Collar
55:46 Hand Cart
57:09 Heavy Plow
MadlXD
5:52 Loom
11:54 Feudal Age
12:52 Fishing Lines
17:19 Castle Age
17:49 Forging
17:54 Bloodlines
19:13 Medium Warships
21:36 Scale Barding Armor
22:53 Husbandry
26:48 Double-Bit Axe
28:40 Chain Barding Armor
30:35 Iron Casting
33:42 Town Watch
38:23 Imperial Age
36:46 Devotion
37:45 Wheelbarrow
38:03 Cavalier
39:47 Plate Barding Armor
40:13 Blast Furnace
39:15 Stone Mining
43:22 Savar
47:18 Hand Cart
47:26 Conscription
48:53 Ballistics
49:34 Chemistry
48:26 Fletching
49:39 Town Patrol
50:47 Hoardings
51:50 Bodkin Arrow
52:08 Citadels
55:16 Masonry
55:02 Murder Holes
57:37 Architecture
LordWhile
4:24 Loom
12:29 Feudal Age
17:40 Castle Age
16:22 Fishing Lines
17:49 Stone Mining
20:00 Gold Mining
21:26 Stone Shaft Mining
21:31 Pikeman
24:40 Wheelbarrow
24:01 Gillnets
37:37 Imperial Age
35:56 Double-Bit Axe
38:24 Padded Archer Armor
38:15 Fletching
38:49 Conscription
40:24 Horse Collar
42:40 Elite Genoese Crossbowman
44:24 Chemistry
43:45 Ballistics
44:01 Bow Saw
45:46 Leather Archer Armor
45:54 Crossbowman
47:51 Thumb Ring
49:15 Ring Archer Armor
54:02 Forging
55:02 Murder Holes
Gamer_90_
5:15 Loom
13:22 Feudal Age
15:02 Wheelbarrow
17:42 Double-Bit Axe
20:34 Castle Age
18:40 Horse Collar
19:27 Gold Mining
19:53 Forging
19:49 Scale Barding Armor
22:07 Medium Warships
23:47 Chain Barding Armor
24:03 Iron Casting
26:56 Bow Saw
34:14 Scale Mail Armor
34:14 Padded Archer Armor
34:05 Fletching
34:22 Light Cavalry
35:13 Bloodlines
35:03 Husbandry
35:06 Heavy Plow
36:42 Chain Mail Armor
36:43 Leather Archer Armor
36:23 Bodkin Arrow
36:38 Stone Mining
38:33 Masonry
39:02 Hand Cart
41:06 Demolition Ship
44:45 Imperial Age
43:05 Pikeman
43:45 Squires
43:31 Arson
47:08 Blast Furnace
46:38 Plate Mail Armor
46:20 Halberdier
46:46 Gambesons
47:48 Plate Barding Armor
46:36 Cavalier
48:03 Town Watch
50:06 Chemistry
49:37 Architecture
49:02 Murder Holes
49:18 Fortified Wall
49:30 Paladin
Fighter
4:53 Loom
13:22 Feudal Age
14:51 Wheelbarrow
13:59 Fishing Lines
14:27 Town Watch
14:38 Gold Mining
14:37 Double-Bit Axe
16:29 Bloodlines
17:16 Forging
17:44 Scale Barding Armor
20:27 Stone Mining
24:56 Castle Age
23:54 Horse Collar
25:11 Fletching
25:48 Bodkin Arrow
26:51 Hand Cart
28:41 Murder Holes
29:07 Ballistics
28:28 Treadmill Crane
29:35 Heavy Plow
33:12 Fortified Bastions
46:09 Masonry
Dominic
12:20 Feudal Age
15:26 Fishing Lines
15:59 Double-Bit Axe
20:36 Castle Age
19:20 Loom
20:57 Bloodlines
21:25 Husbandry
21:46 Medium Warships
23:25 Forging
23:20 Scale Barding Armor
25:29 Horse Collar
28:03 Heavy Plow
Connection lost

Rejoining the realm…

Still unreachable

The connection could not be restored.

Session expired

The server has moved on; the page needs a fresh start.